 Dungeon Crawl Stone Soup version 0.31-a0-435-g2c6fae2916 (webtiles) character file.

Game seed: 2111220934632752088

11904 AdnanSaban the Basher (level 11, -23/69 HPs)
             Began as a Gargoyle Fighter on Aug 1, 2023.
             Was an Elder of Okawaru.
             Annihilated by a very large slime creature (28 damage)
             ... on level 11 of the Dungeon.
             The game lasted 00:15:33 (12068 turns).

AdnanSaban the Basher (Gargoyle Fighter)           Turns: 12068, Time: 00:15:33

Health: -23/69     AC: 29    Str: 36    XL:     11   Next: 85%
Magic:  13/13      EV:  9    Int:  6    God:    Okawaru [****..]
Gold:   757        SH:  9    Dex:  9    Spells: 10/10 levels left

rFire   . . .        v - +2 flail (drain)
rCold   + . .        A - +0 kite shield
rNeg    + . .        H - +0 plate armour
rPois   ∞            L - +0 helmet "Lycaim" {rC+ Str+6 Int-3}
rElec   +            (no cloak)
rCorr   .            (no gloves)
SInv    .            w - +0 pair of boots
Will    .....        (no amulet) Stlth
                     k - +4 ring of protection
HPRegen 0.31/turn    q - +6 ring of strength
MPRegen 0.13/turn

%: no passive effects
@: no status effects
A: sickness immunity, AC +8, negative energy resistance 1, electricity
resistance, torment resistance 1, petrification resistance
a: Renounce Religion, Heroism, Finesse


You were on level 11 of the Dungeon.
You worshipped Okawaru.
Okawaru was greatly pleased with you.
You visited 2 branches of the dungeon, and saw 13 of its levels.

You collected 757 gold pieces.

Inventory:

Hand Weapons
 v - a +2 flail of draining (weapon)
Missiles
 e - 34 poisoned darts (quivered)
 z - 3 throwing nets
 F - 3 curare-tipped darts
 G - 9 boomerangs
Armour
 w - a +0 pair of boots (worn)
 A - a +0 kite shield (worn)
 H - a +0 plate armour (worn)
 L - the +0 helmet "Lycaim" (worn) {rC+ Str+6 Int-3}
   (You found it on level 11 of the Dungeon)

   Str:       It affects your strength (+6).
   Int:       It affects your intelligence (-3).
   rC:        It protects you from cold.
Jewellery
 k - a +4 ring of protection (left hand)
 q - a +6 ring of strength (right hand)
 D - an amulet of faith
Wands
 s - a wand of roots (6)
 y - a wand of flame (24)
 K - a wand of digging (5)
Scrolls
 b - 2 scrolls of fog {unknown}
 c - a scroll of enchant armour {unknown}
 g - a scroll of fear {unknown}
 h - 11 scrolls of identify {unknown}
 n - 6 scrolls of vulnerability {unknown}
 o - 2 scrolls of enchant weapon {unknown}
 t - 2 scrolls of noise {unknown}
 B - a scroll of blinking {unknown}
 E - 2 scrolls of revelation {unknown}
 I - 2 scrolls of teleportation {unknown}
Potions
 a - 2 potions of mutation {unknown}
 d - 4 potions of might
 f - 2 potions of haste {unknown}
 i - 2 potions of resistance {unknown}
 j - a potion of cancellation {unknown}
 l - a potion of attraction {unknown}
 m - 2 potions of berserk rage {unknown}
 p - 6 potions of curing {unknown}
 r - 4 potions of heal wounds {unknown}
 u - a potion of invisibility {unknown}
 x - a potion of brilliance {unknown}
 C - a potion of enlightenment {unknown}
 J - a potion of ambrosia {unknown}


   Skills:
 + Level 8.4 Fighting
 + Level 12.2 Maces & Flails
 + Level 0.3 Throwing
 + Level 9.8 Armour
 + Level 4.0 Dodging
 + Level 1.3 Stealth
 + Level 8.1 Shields
 * Level 2.7 Invocations


You had 10 spell levels left.
You didn't know any spells.
Your spell library contained the following spells:

 Spells                   Type           Power      Damage    Failure   Level
 Magic Dart               Conj           0%         1d3       99%         1
 Necrotise                Necr           0%         1d4       99%         1
 Ensorcelled Hibernation  Hex/Ice        0%         N/A       99%         2
 Passwall                 Tmut/Erth      0%         N/A       99%         2
 Searing Ray              Conj           0%         2d4       99%         2
 Wereblood                Tmut           0%         N/A       99%         2
 Ignite Poison            Fire/Tmut/Pois 0%         N/A       100%        3
 Inner Flame              Hex/Fire       0%         N/A       100%        3
 Ozocubu's Armour         Ice            0%         N/A       100%        3
 Portal Projectile        Hex/Tloc       0%         N/A       100%        3
 Swiftness                Air            0%         N/A       100%        3
 Vampiric Draining        Necr           0%         2d6       100%        3
 Dispel Undead            Necr           0%         3d6       100%        4
 Flame Wave               Conj/Fire      0%         2d4       100%        4
 Fulminant Prism          Conj/Hex       0%         3d5       100%        4
 Leda's Liquefaction      Hex/Erth       0%         N/A       100%        4
 Sticky Flame             Conj/Fire      0%         2d3       100%        4
 Agony                    Necr           0%         N/A       100%        5
 Ozocubu's Refrigeration  Ice            0%         4d7       100%        7
 Ignition                 Fire           0%         3d3       100%        8
 Cigotuvi's Dreadful Rot  Necr/Pois/Air  Unusable   N/A       N/A         2
 Sublimation of Blood     Necr           Unusable   N/A       N/A         2
 Call Canine Familiar     Summ           Unusable   N/A       N/A         3
 Death Channel            Necr           Unusable   N/A       N/A         6
 Summon Hydra             Summ           Unusable   N/A       N/A         7

Dungeon Overview and Level Annotations

Branches:
Dungeon (12/15)            Temple (1/1) D:7            Lair (0/5) D:11
    Orc (0/2) D:9

Altars:
Ashenzari
Cheibriados
Dithmenos
Elyvilon
Fedhas
Gozag
Hepliaklqana
Kikubaaqudgha
Makhleb
Nemelex Xobeh
Okawaru
Qazlal
Ru
Sif Muna
Trog
Uskayaw
Vehumet
Wu Jian
Xom
Yredelemnul
Zin
The Shining One

Shops:
D:10 [

Annotations:
D:9 3 runed translucent doors, psellion's ghost, novice OpMo
D:12 Azrael


Innate Abilities, Weirdness & Mutations

You are immune to sickness and miasma.
Your stone body is resilient. (AC +8)
You are immune to poison.
You resist negative energy. (rN+)
You are resistant to electric shocks. (rElec)
You are resistant to unholy torment.
You are immune to petrification.


Message History

Two slime creatures merge to form a large slime creature.
The vampire attacks as you move away!
The vampire hits you but does no damage.
You block the vampire's attack.
Two slime creatures merge to form a very large slime creature.
The vampire attacks as you move away! The vampire closely misses you.
You block the vampire's attack. The vampire attacks as you move away!
The vampire hits you but does no damage.
You block the vampire's attack.
The vampire points at you and mumbles some strange words.
You are confused.
You're too confused to move!
A large slime creature splits.
Two slime creatures merge to form a large slime creature.
Unknown command.
The very large slime creature hits you!!
You barely miss the very large slime creature.
The two-headed ogre hits you with a +0 giant spiked club!
The two-headed ogre hits you but does no damage.
You sock the two-headed ogre!
The two-headed ogre is moderately wounded.
The very large slime creature closely misses you.
The vampire misses you. The vampire bites you.
The vampire attacks as you move away! The vampire barely misses you.
The vampire bites you but does no damage.
The large slime creature attacks as you move away!
The large slime creature hits you but does no damage.
The two-headed ogre hits you but does no damage. x2
You feel less confused.
A large slime creature splits.
The two-headed ogre hits you with a +0 giant spiked club!!
* * * LOW HITPOINT WARNING * * *
The two-headed ogre hits you with a +0 giant club.
* * * LOW HITPOINT WARNING * * *
You sock the very large slime creature!
You drain the very large slime creature.
The very large slime creature is lightly wounded.
The slime creature completely misses you.
The very large slime creature hits you!!
You die...

#'##############.....#...8...8...
.....................'...........
.....................#...8...8...
####################.##.#.....#.#
...................#..##.8...8.##
...................#...##.....##.
...................#....##...##..
......................#..##'###..
...............J@J....#.......#..
...............OJ..............##
.....<..........V..###≈..~###....
..................#...#≈~#...#...
..................#.⌠.#≈≈#.⌠.#...
..................#...#≈≈#...#...
...................###≈≈≈~###....
.....................~≈≈≈≈≈......
.........>...........~≈≈≈≈~......


You could see a very large slime creature (drained), 2 slime creatures, a
two-headed ogre and a vampire.

Vanquished Creatures
  Harold (D:11)
  A cyclops (D:11)
  A manticore (D:11)
  A gargoyle (D:11)
  An unseen horror (D:11)
  A komodo dragon (D:11)
  2 hornets
  3 trolls
  A wraith (D:11)
  A shadow (D:9)
  A wyvern (D:8)
  15 yaks
  A vampire (D:10)
  A basilisk (D:9)
  A fire elemental (D:11)
  Grum (D:8)
  Menkaure (D:5)
  2 vampire mosquitoes (D:10)
  2 acid dragons
  2 hell hounds (D:11)
  5 orc warriors
  3 water moccasins (D:5)
  A sky beast (D:6)
  2 black bears
  An ogre (D:5)
  2 wolves (D:8)
  6 centaurs
  3 phantoms
  3 kobold brigands
  4 bullfrogs
  A gnoll sergeant (D:5)
  2 scorpions
  A wyvern zombie (D:7)
  A necrophage (D:7)
  3 wights (D:7)
  12 killer bees
  An electric eel (D:11)
  A jelly (D:7)
  3 howler monkeys
  A spectral bullfrog (D:7)
  5 hounds
  A water moccasin simulacrum (D:7)
  A bullfrog zombie (D:7)
  10 orc priests
  Jessica (D:3)
  An iguana (D:5)
  Terence (D:3)
  6 orc wizards
  13 gnolls
  3 adders
  2 white imps
  An ufetubus (D:6)
  3 dart slugs
  A worm (D:4)
  42 orcs
  5 bats
  8 endoplasms
  A giant cockroach (D:2)
  8 goblins
  11 hobgoblins
  4 quokkas
  4 ball pythons
  2 frilled lizards (D:1)
  24 kobolds
  8 rats
262 creatures vanquished.

Vanquished Creatures (others)
  An unseen horror (D:12)
1 creature vanquished.

Grand Total: 263 creatures vanquished

Notes
Turn   | Place    | Note
-------+----------+-------------------------------------------
     0 | D:1      | AdnanSaban the Gargoyle Fighter began the quest for the
                  | Orb.
     0 | D:1      | Reached XP level 1. HP: 14/14 MP: 1/1
   207 | D:1      | Reached XP level 2. HP: 19/19 MP: 2/2
   316 | D:1      | Reached XP level 3. HP: 19/23 MP: 3/3
   958 | D:2      | Reached skill level 3 in Maces & Flails
  1565 | D:3      | Reached XP level 4. HP: 26/29 MP: 4/4
  1583 | D:3      | You fall into a shaft and drop 3 floors!
  1595 | D:5      | Entered Level 5 of the Dungeon
  1595 | D:5      | Noticed Menkaure
  1595 | D:5      | Noticed a water moccasin
  1889 | D:4      | Reached XP level 5. HP: 31/33 MP: 5/5
  1922 | D:4      | Reached skill level 4 in Maces & Flails
  2110 | D:3      | Noticed Terence
  2115 | D:3      | Killed Terence
  2301 | D:3      | Reached skill level 1 in Dodging
  2328 | D:3      | Found a stormy altar of Qazlal.
  2379 | D:3      | Reached XP level 6. HP: 38/38 MP: 6/6
  2470 | D:3      | Noticed Jessica
  2476 | D:3      | Killed Jessica
  3118 | D:4      | Found a shimmering blue altar of Sif Muna.
  3250 | D:5      | Noticed a water moccasin
  3271 | D:5      | Killed a water moccasin
  3349 | D:5      | Killed Menkaure
  3350 | D:5      | Reached skill level 5 in Maces & Flails
  3350 | D:5      | Reached XP level 7. HP: 44/44 MP: 7/7
  3369 | D:5      | Reached skill level 5 in Armour
  3406 | D:5      | HP: 1/44 [gnoll/+0 flail (7)]
  3417 | D:5      | HP: 2/44 [gnoll/+0 flail (2)]
  3931 | D:5      | Reached skill level 6 in Maces & Flails
  3931 | D:5      | Reached XP level 8. HP: 32/48 MP: 8/8
  4566 | D:6      | Noticed a yak
  4566 | D:6      | Noticed a yak
  4566 | D:6      | Noticed a yak
  4566 | D:6      | Noticed a yak
  4568 | D:6      | Noticed a yak
  4568 | D:6      | Noticed a yak
  4577 | D:6      | Killed a yak
  4578 | D:6      | Reached skill level 5 in Fighting
  4588 | D:6      | Killed a yak
  4593 | D:6      | Killed a yak
  4594 | D:6      | Reached skill level 7 in Maces & Flails
  4594 | D:6      | Reached skill level 5 in Shields
  4612 | D:6      | Killed a yak
  4613 | D:6      | Reached XP level 9. HP: 43/54 MP: 9/9
  4748 | D:6      | Noticed a troll
  4758 | D:6      | Killed a troll
  4759 | D:6      | Reached skill level 8 in Maces & Flails
  4820 | D:6      | Found a sparkling altar of Nemelex Xobeh.
  5533 | D:7      | Reached skill level 9 in Maces & Flails
  5698 | D:7      | Noticed a hornet
  5712 | D:7      | Killed a hornet
  5713 | D:7      | Reached skill level 1 in Stealth
  6273 | D:7      | Reached XP level 10. HP: 60/60 MP: 10/10
  6362 | D:7      | Found a staircase to the Ecumenical Temple.
  6687 | D:7      | Identified the +2 dagger of Doom {pain, Int+3 Dex+4 SInv}
  6815 | Temple   | Entered the Ecumenical Temple
  6844 | Temple   | Became a worshipper of Warmaster Okawaru
  6948 | D:8      | Reached skill level 10 in Maces & Flails
  7265 | D:8      | Found an ornate altar of the Wu Jian Council.
  7711 | D:8      | Found a faded altar of an unknown god.
  7712 | D:8      | Found a hazy altar of Hepliaklqana.
  8266 | D:8      | Reached * piety under Okawaru
  8284 | D:9      | Found a staircase to the Orcish Mines.
  8363 | D:9      | Noticed Grum
  8551 | D:8      | Killed Grum
  8706 | D:9      | Found an opulent altar of Gozag.
  8828 | D:9      | Found a broken altar of Ashenzari.
  8900 | D:9      | Reached ** piety under Okawaru
  9104 | D:9      | Found a runed translucent gate.
  9104 | D:9      | Found a runed translucent gate.
  9104 | D:9      | Found a runed translucent gate.
  9105 | D:9      | Noticed an 11-headed hydra
  9106 | D:9      | Noticed psellion's ghost (novice OpMo)
  9135 | D:9      | Reached skill level 11 in Maces & Flails
  9189 | D:9      | Found a burning altar of Makhleb.
  9258 | D:9      | Found a sacrificial altar of Ru.
  9258 | D:9      | Found a glowing golden altar of the Shining One.
  9402 | D:10     | Entered Level 10 of the Dungeon
  9412 | D:10     | Reached XP level 11. HP: 64/67 MP: 11/11
  9591 | D:10     | Found Botwoism's Antique Armour Boutique.
  9714 | D:10     | Found a shadowy altar of Dithmenos.
  9731 | D:10     | Found a radiant altar of Vehumet.
 10120 | D:9      | Reached *** piety under Okawaru
 10546 | D:11     | Noticed a cyclops
 10553 | D:11     | Noticed Harold
 10594 | D:11     | Killed Harold
 10595 | D:11     | Reached skill level 1 in Invocations
 10719 | D:11     | Killed a cyclops
 10743 | D:11     | Noticed a manticore
 10752 | D:11     | Killed a manticore
 10753 | D:11     | Reached skill level 12 in Maces & Flails
 10931 | D:11     | Identified the +0 helmet "Lycaim" {rC+ Str+6 Int-3}
 11127 | D:11     | Reached **** piety under Okawaru
 11220 | D:11     | Found a staircase to the Lair.
 11493 | D:11     | Found a shadowy altar of Dithmenos.
 11742 | D:12     | Noticed Azrael
 12052 | D:12     | Noticed a two-headed ogre
 12068 | D:11     | Annihilated by a very large slime creature

Illustrated notes

Levels and vault maps discovered:
D:1:      lightli_arrival_flooded_house, layout_basic
D:2:      layout_basic, serial_aquarium, aquarium_bridge_square
          [aquarium_subvault_window, aquarium_subvault_bridge,
          aquarium_subvault_window, aquarium_subvault_wall],
          aquarium_bridge_square [aquarium_subvault_window,
          aquarium_subvault_bridge, aquarium_subvault_bridge,
          aquarium_subvault_balcony], aquarium_window_1, aquarium_window_fake,
          aquarium_view_2e, aquarium_view_2b, minmay_tetromino_i2
D:3:      layout_loops_ring, nicolae_qazlal_general_emergency, uniq_terence,
          uniq_jessica
D:4:      layout_loops_ring, lemuel_blue_sif_altar, grunt_ministairs_6,
          minmay_misc_feat_plants
D:5:      layout_layer_cave, nicolae_ossuary_entry_ruins, uniq_menkaure
D:6:      layout_basic, nemelex_diamond_rough_becter
D:7:      layout_loops_corners, temple_doors_ab, minmay_misc_feat_four_crosses,
          dilly_guarded_unrand_morg
D:8:      layout_basic, mainiacjoe_overflow_alcove_1,
          beargit_hepliaklqana_dungeon_heroes
D:9:      layout_cave_pools, nicolae_ashenzari_panopticon,
          nicolae_overflow_two_pavilions, lemuel_crystal_altar,
          marbit_many_paths, david_orc_5, serial_column_ruins,
          column_ruins_circle_large, column_ruins_grid_1, column_ruins_grid_4,
          column_ruins_columns_straight, column_ruins_grid_1,
          gammafunk_ghost_hydra_chop, uniq_grum
D:10:     layout_basic, jmf_multi_god_temple, serial_shops, shop
D:11:     layout_grid_maze, lair_entry_dummy, fountainhead,
          kennysheep_nondescript, dk_noncrumbling_3, minivault_22,
          nicolae_dithmenos_the_darkroom, uniq_harold
D:12:     layout_loops_cross, gammafunk_ghost_hive, portal_ice_cave_rime,
          guppyfry_shop_venom, uniq_azrael
Temple:   cyrus_temple_forest

Skill      XL: |  1  2  3  4  5  6  7  8  9 10 11 |
---------------+----------------------------------+-----
Maces & Flails | 3 4 5 6 7 9 11 12 | 12.2
Armour         | 4 5 7 8 9 |  9.8
Fighting       | 4 5 7 8 |  8.4
Dodging        | 1 2 3 4 |  4.0
Shields        | 4 5 7 8 |  8.1
Stealth        | 1 |  1.3
Invocations    | 2 |  2.7
Throwing       | |  0.3

Action                     |  1- 3 |  4- 6 |  7- 9 | 10-12 || total
---------------------------+-------+-------+-------+-------++-------
  Melee: Flail             |   110 |   180 |   261 |   555 ||  1106
  Throw: Dart              |       |       |       |     4 ||     4
 Armour: Scale mail        |    51 |   101 |   100 |       ||   252
         Chain mail        |       |       |    71 |    25 ||    96
         Plate armour      |       |       |       |   416 ||   416
  Dodge: Dodged            |    66 |    83 |   139 |   171 ||   459
  Block: Buckler           |    18 |    45 |    50 |    38 ||   151
         Kite shield       |       |       |       |   230 ||   230

Table legend: (Time is in decaauts)
 A = Elapsed time spent in this place.
 B = Non-inter-level travel time spent in this place.
 C = Inter-level travel time spent in this place.
 D = Time resting spent in this place.
 E = Time spent auto-exploring this place.
 F = Levels seen in this place.
 G = Mean time per level.
                   A        B        C        D        E       F      G
               +--------+--------+--------+--------+--------+-----+--------+
         Total |  12140 |  11175 |    965 |   1174 |   7737 |  13 |  933.8 |
       Dungeon |  12082 |  11172 |    910 |   1174 |   7737 |  12 | 1006.8 |
        Temple |     57 |      2 |     55 |      0 |      0 |   1 |   57.0 |
               +--------+--------+--------+--------+--------+-----+--------+

Top non-repeatable levels by time:
    D:11: 1813 daAuts
     D:8: 1529 daAuts
     D:7: 1317 daAuts
     D:4: 1233 daAuts
     D:5: 1167 daAuts
     D:9: 1136 daAuts
     D:2: 939 daAuts
     D:6: 854 daAuts
     D:3: 794 daAuts
     D:1: 641 daAuts
    D:10: 631 daAuts
  Temple: 57 daAuts
    D:12: 22 daAuts
